 Dungeon Crawl Stone Soup version 0.29-a0-542-g075992c915 (webtiles) character file.

Game seed: 9507264289846576581

33 oldmanjim the Shield-Bearer (level 3, -4/33 HPs)
             Began as a Minotaur Fighter on June 4, 2022.
             Succumbed to Robin's poison
             ... on level 2 of the Dungeon.
             The game lasted 00:03:30 (1015 turns).

oldmanjim the Shield-Bearer (Minotaur Fighter)      Turns: 1015, Time: 00:03:30

Health: -4/33      AC:  7    Str: 22    XL:     3   Next: 12%
Magic:  2/2        EV:  9    Int:  5    God:
Gold:   89         SH:  4    Dex:  9    Spells: 2/2 levels left

rFire   . . .      SeeInvis .   a - +0 trident
rCold   . . .      Faith    .   c - +0 buckler
rNeg    . . .      Spirit   .   b - +0 scale mail
rPois   .          Reflect  .   (helmet restricted)
rElec   .          Harm     .   (no cloak)
rCorr   .          Rampage  .   (no gloves)
Will    .....                   (no boots)
Stlth   ..........              (no amulet)
HPRegen 0.11/turn               (no ring)
MPRegen 0.08/turn               (no ring)

@: lethally poisoned (-4 -> -30)
A: horns 2, retaliatory headbutt
a: no special abilities


You were on level 2 of the Dungeon.
You visited 1 branch of the dungeon, and saw 2 of its levels.

You collected 89 gold pieces.

Inventory:

Hand Weapons
 a - a +0 trident (weapon)
Missiles
 e - 62 stones (quivered)
Armour
 b - a +0 scale mail (worn)
 c - a +0 buckler (worn)
Scrolls
 f - a scroll of enchant armour {unknown}
 h - 2 scrolls of teleportation {unknown}
 i - 2 scrolls of fear {unknown}
 l - a scroll of noise {unknown}
Potions
 d - a potion of might
 g - a potion of brilliance {unknown}
 j - a potion of mutation {unknown}
 k - a potion of curing {unknown}


   Skills:
 + Level 4.0 Fighting
 + Level 2.9 Polearms
 + Level 4.0 Armour
 * Level 4.3 Shields


You had 2 spell levels left.
You didn't know any spells.
Your spell library contained the following spells:

 Spells                   Type           Power      Damage    Failure   Level
 Ensorcelled Hibernation  Hex/Ice        0%         N/A       95%         2
 Spider Form              Tmut/Pois      0%         N/A       99%         3
 Anguish                  Hex/Necr       0%         N/A       100%        4


Dungeon Overview and Level Annotations

Branches:
Dungeon (2/15)

Altars:

Annotations:
D:2 Robin


Innate Abilities, Weirdness & Mutations

You have a pair of horns on your head.
You reflexively headbutt those who attack you in melee.


Message History

Your headbutt misses the goblin.
The goblin is severely wounded.
You feel very sick.
You hear a shout! x3
The goblin barely misses you. The goblin hits you with a +0 dagger.
Robin roars a battlecry!
The goblins go into a battle-frenzy!
You barely miss the goblin.
The goblin is severely wounded.
You feel very sick. The goblin hits you with a +0 dagger.
The goblin hits you but does no damage. Robin hits you but does no damage.
You are more poisoned.
You puncture the goblin!
You kill the goblin!
You feel very sick. The goblin barely misses you. You furiously retaliate!
You headbutt the goblin.
You kill the goblin!
Robin says, "Feeling lonely?"
Robin misses you.
Your Fighting skill increases to level 4!
You feel very sick.
You see here a +0 dagger.
You hit Robin.
Robin is lightly wounded.
* * * LOW HITPOINT WARNING * * *
You feel sick.
Robin hits you with a +1 short sword of venom.
* * * LOW HITPOINT WARNING * * *
You puncture Robin!
Robin is severely wounded.
* * * LOW HITPOINT WARNING * * *
You feel sick. Robin hits you but does no damage.
You are more poisoned.
Robin hits you with a +1 short sword of venom.
* * * LOW HITPOINT WARNING * * *
You are more poisoned.
You barely miss Robin.
Robin is severely wounded.
You die...

##########
##.....@gg#######
####...#####.......###
#..............).....#
#.#....###.#######†#.#
#.#.#.## #.# #..†g#
#.#.#.#
#.#......)).....#
#.#....
#.#.####....##g.#
#.#....# #.# ......#
.# #.##...# #..
.......g.


You could see Robin and a goblin (strong).

Vanquished Creatures
  An adder (D:2)
  A worm (D:2)
  3 endoplasms
  3 goblins (D:2)
  A hobgoblin (D:2)
  2 ball pythons
  2 bats
  2 frilled lizards
  4 kobolds
  4 rats
23 creatures vanquished.

Notes
Turn   | Place    | Note
-------+----------+-------------------------------------------
     0 | D:1      | oldmanjim the Minotaur Fighter began the quest for the Orb.
     0 | D:1      | Reached XP level 1. HP: 19/19 MP: 0/0
   125 | D:1      | Found a faded altar of an unknown god.
   712 | D:2      | Reached XP level 2. HP: 27/27 MP: 1/1
   820 | D:2      | Reached XP level 3. HP: 11/33 MP: 2/2
   993 | D:2      | Identified the +0 helmet "Roocown" {rCorr Int+2}
   993 | D:2      | Noticed Robin
  1014 | D:2      | HP: 1/33 [Robin/+1 short sword of venom (4)]
  1015 | D:2      | Succumbed to Robin's poison

Illustrated notes

Levels and vault maps discovered:
D:1:      minmay_arrival_split_and_join, layout_loops_cross,
          chequers_ecumenical_altar_simple
D:2:      cheibrodos_pilgrimage, layout_loops_ring, chequers_jeans,
          amcnicky_mini_corridor_feature, uniq_robin

Skill      XL: |  1  2  3 |
---------------+----------+-----
Shields        | 4 |  4.3
Armour         | 4 |  4.0
Fighting       | 4 |  4.0
Polearms       | |  2.9

Action                   || total
-------------------------++-------
Melee: Trident           ||    58
       Headbutt          ||     6
Armor: Scale mail        ||    27
Dodge: Dodged            ||    21
Block: Buckler           ||     9

Table legend: (Time is in decaauts)
 A = Elapsed time spent in this place.
 B = Non-inter-level travel time spent in this place.
 C = Inter-level travel time spent in this place.
 D = Time resting spent in this place.
 E = Time spent auto-exploring this place.
 F = Levels seen in this place.
 G = Mean time per level.
                   A        B        C        D        E       F      G
               +--------+--------+--------+--------+--------+-----+--------+
         Total |   1026 |   1010 |     16 |     65 |    801 |   2 |  513.0 |
       Dungeon |   1026 |   1010 |     16 |     65 |    801 |   2 |  513.0 |
               +--------+--------+--------+--------+--------+-----+--------+

Top non-repeatable levels by time:
     D:1: 712 daAuts
     D:2: 313 daAuts
